 Dungeon Crawl Stone Soup version 0.20.0-14-g326068f (webtiles) character file.

639 Chiseanne the Skirmisher (level 7, -5/53 HPs)
             Began as a Demonspawn Wanderer on June 8, 2017.
             Slain by Crazy Yiuf
             ... wielding a +2 quarterstaff of chaos
              (11 damage)
             ... on level 4 of the Dungeon.
             The game lasted 00:08:40 (4521 turns).

Chiseanne the Skirmisher (Demonspawn Wanderer)      Turns: 4521, Time: 00:08:41

Health: -5/53      AC: 15    Str: 13    XL:     7   Next: 26%
Magic:  7/7        EV: 10    Int: 13    God:
Gold:   163        SH:  6    Dex: 14    Spells: 6/6 levels left

rFire    . . .     SeeInvis .   a - +1 short sword (speed)
rCold    . . .     Gourm    .   c - +1 buckler
rNeg     . . .     Faith    .   h - +0 scale mail
rPois    .         Spirit   .   (no helmet)
rElec    .         Reflect  .   (no cloak)
rCorr    .         Harm     .   (no gloves)
MR       .....                  (no boots)
Stlth    +.........             (no amulet)
Regen    0.2/turn               (no ring)
MPRegen  0.1/turn               (no ring)

@: sanguine armour, very slightly contaminated, invisible
A: claws 1, demonic guardian 1, powered by death 1, sanguine armour 2
a: no special abilities


You were on level 4 of the Dungeon.
You were not hungry.

You visited 1 branch of the dungeon, and saw 4 of its levels.

You collected 163 gold pieces.

Inventory:

Hand Weapons
 a - a +1 short sword of speed (weapon)
Missiles
 g - 195 stones (quivered)
 q - 22 poisoned needles
 u - 24 bolts
Armour
 c - a +1 buckler (worn)
 h - a +0 scale mail (worn)
Scrolls
 d - 2 scrolls of teleportation
 e - a scroll of recharging
 v - a scroll of remove curse
Potions
 k - a potion of might {unknown}
 l - a potion of resistance {unknown}
 m - 2 potions of curing
 o - a potion of degeneration {unknown}
 p - 2 potions of mutation
 r - a potion of magic
 s - 2 potions of cancellation {unknown}
 w - a potion of flight {unknown}
Comestibles
 f - 3 bread rations
 j - 3 royal jellies
 n - a chunk of flesh
 t - 2 meat rations


   Skills:
 * Level 3.9 Fighting
   Level 1.0(1.5) Polearms
   Level 1.7(1.9) Staves
 * Level 3.5 Armour
 * Level 3.1 Dodging
 - Level 3.6 Stealth
 * Level 3.9 Shields


You had 6 spell levels left.
You didn't know any spells.

Dungeon Overview and Level Annotations

Branches:
Dungeon (4/15)
 Temple: D:4-7

Altars:
Ashenzari
Cheibriados
Elyvilon
Fedhas

Annotations:
D:4 Crazy Yiuf


Innate Abilities, Weirdness & Mutations

You have sharp fingernails.
A weak demonic guardian rushes to your aid.
You regenerate a little health from kills.
When seriously injured, your bleeding wounds create thick armour. (AC +9)


Message History

You hit Crazy Yiuf.
Crazy Yiuf is almost dead.
You feel sick. Crazy Yiuf hits you but does no damage.
You catch the helpless Crazy Yiuf completely off-guard!
You hit Crazy Yiuf.
Crazy Yiuf is almost dead.
Your iron imp disappears in a puff of smoke!
Crazy Yiuf hits you but does no damage. Space warps horribly around you!
* * * LOW HITPOINT WARNING * * *
You barely miss Crazy Yiuf.
Crazy Yiuf is almost dead.
You feel sick.
Crazy Yiuf hits you with a quarterstaff of chaos!
* * * LOW HITPOINT WARNING * * *
You feel better.
You feel less wooden.
Your +0 scale mail unmelds from your body.
Your blood congeals into armour.
Crazy Yiuf hits you with a quarterstaff of chaos!
You die...

########.###. #..#.....###.
#.........#.. #######...#..
#..##.. ##..##.. ####
####....#.. #)..###
##P#.....#..
#..g@ยง####........#..
#...##..#.PP......#.. ####
###.#.P#....##..
#######...###' #...##..
#################.......
#..............#........
#..............#........
######..##..###..####<.###'#


You could see Crazy Yiuf (berserk).

Vanquished Creatures
  The ghost of humperndinck the Cutter, an amateur HaBe of Trog (D:4)
  A scorpion (D:4)
  A hound (D:4)
  An iguana (D:4)
  A worker ant (D:4)
  A gnoll (D:1)
  7 adders
  8 worms
  A dart slug (D:2)
  A leopard gecko (D:1)
  4 orcs (D:4)
  A ball python (D:4)
  4 giant cockroaches
  8 goblins
  10 hobgoblins
  2 jackals (D:1)
  2 quokkas
  13 bats
  10 frilled lizards
  10 kobolds
  A leopard gecko skeleton (D:4)
  A quokka skeleton (D:4)
  7 rats
  A fungus (D:4)
97 creatures vanquished.

Vanquished Creatures (collateral kills)
  Sigmund (D:4)
  A scorpion (D:4)
  Terence (D:2)
  A kobold (D:2)
  A rat (D:2)
5 creatures vanquished.

Grand Total: 102 creatures vanquished

Notes
Turn   | Place    | Note
-------+----------+-------------------------------------------
     0 | D:1      | Chiseanne the Demonspawn Wanderer began the quest for the Orb.
     0 | D:1      | Chiseanne set off with: a +2 spear, a potion of lignification, a +0 buckler, a +0 robe, a +0 dagger, a bread ration
     0 | D:1      | Reached XP level 1. HP: 15/15 MP: 1/1
   228 | D:1      | Gained mutation: A weak demonic guardian rushes to your aid. [demonic ancestry]
   228 | D:1      | Reached XP level 2. HP: 18/21 MP: 2/2
   355 | D:1      | Reached skill level 1 in Dodging
   424 | D:1      | Reached skill level 1 in Armour
   613 | D:1      | Gained mutation: When seriously injured, your bleeding wounds create armour. (AC +9) [demonic ancestry]
   613 | D:1      | Reached XP level 3. HP: 20/26 MP: 3/3
  1446 | D:2      | Found a blossoming altar of Fedhas.
  1446 | D:2      | Found a white marble altar of Elyvilon.
  1448 | D:2      | Found a snail-covered altar of Cheibriados.
  1496 | D:2      | Reached XP level 4. HP: 18/33 MP: 4/4
  1661 | D:2      | Noticed Terence
  1682 | D:2      | Killed Terence
  2316 | D:3      | Found a faded altar of an unknown god.
  2740 | D:3      | Gained mutation: When seriously injured, your bleeding wounds create thick armour. (AC +9) [demonic ancestry]
  2740 | D:3      | Reached XP level 5. HP: 39/39 MP: 5/5
  2757 | D:3      | Found a shattered altar of Ashenzari.
  3305 | D:4      | Noticed humperndinck's ghost (amateur HaBe)
  3333 | D:4      | Killed humperndinck's ghost
  3333 | D:4      | Gained mutation: You have sharp fingernails. [demonic ancestry]
  3333 | D:4      | Reached XP level 6. HP: 47/47 MP: 6/6
  3446 | D:4      | Noticed Sigmund
  3460 | D:4      | Killed Sigmund
  3719 | D:4      | Gained mutation: You regenerate a little health from kills. [demonic ancestry]
  3719 | D:4      | Reached XP level 7. HP: 27/52 MP: 7/7
  4487 | D:4      | Found a runed door.
  4491 | D:4      | Noticed Crazy Yiuf
  4520 | D:4      | HP: 2/79 [Crazy Yiuf/quarterstaff of chaos (12)]
  4521 | D:4      | Slain by Crazy Yiuf

Skill      XL: |  1  2  3  4  5  6 |
---------------+-------------------+-----
Shields        | 2 3 |  3.9
Dodging        | 1 2 3 |  3.1
Armour         | 1 2 3 |  3.5
Fighting       | 2 3 |  3.9
Polearms       | |  1.0
Staves         | |  1.7
Stealth        | |  3.6

Action                   |  1- 3 |  4- 6 |  7- 9 || total
-------------------------+-------+-------+-------++-------
Melee: Spear             |   134 |    66 |       ||   200
       Short sword       |       |   192 |   129 ||   321
  Use: Scroll            |       |     9 |     4 ||    13
       Potion            |       |     1 |     3 ||     4
 Stab: Invisible         |       |       |     3 ||     3
       Distracted        |       |       |     1 ||     1
  Eat: Chunk             |     2 |     7 |     3 ||    12
Armor: Scale mail        |    40 |    48 |    18 ||   106
       Robe              |     1 |       |       ||     1
       Skin              |       |       |    15 ||    15
Dodge: Dodged            |    42 |    70 |    29 ||   141
Block: Buckler           |    30 |    33 |    29 ||    92
